3L
HOUSTON 1837 BBC @ LAS VEGAS FLAMINGOS
08/11/2029
 
TOP OF THE 1ST
Houston 1837 BBC batting - Pitching for Las Vegas Flamingos : RHP Doug Green
Pitching: RHP Doug Green
Batting: LHB Damian Delaney 0-0: Swinging Strike
0-1: Ball
1-1: SINGLE (Groundball, 56S) (infield hit)
Batting: SHB Galtero Suárez 0-0: Fly out, F7 (Flyball, 7S)
Batting: RHB John Downing 0-0: Foul Ball, location: 2F
0-1: Ball
Damian Delaney is caught stealing 2nd base
1-1: Fly out, F5 (Line Drive, 5)
Top of the 1st over - 0 runs, 1 hit, 0 errors, 0 left on base; Houston 0 - Las Vegas 0
BOTTOM OF THE 1ST
Las Vegas Flamingos batting - Pitching for Houston 1837 BBC : LHP Roy Alsobrook
Pitching: LHP Roy Alsobrook
Batting: RHB Sake van Arem 0-0: Ball
1-0: Fly out, F8 (Flyball, 8RM)
Batting: LHB Victor Adams 0-0: Called Strike
0-1: Ground out 3-1 (Groundball, 34)
Batting: SHB Wilbert Carter 0-0: Called Strike
0-1: Ball
1-1: Swinging Strike
1-2: Foul Ball, location: 2F
1-2: Ball
2-2: Foul Ball, location: 2F
2-2: Ground out 6-3 (Groundball, 6)
Bottom of the 1st over - 0 runs, 0 hits, 0 errors, 0 left on base; Houston 0 - Las Vegas 0
TOP OF THE 2ND
Houston 1837 BBC batting - Pitching for Las Vegas Flamingos : RHP Doug Green
Batting: RHB Bob Dickerson 0-0: Foul Ball, location: 2F
0-1: Fly out, F9 (Flyball, 9S)
Batting: LHB Scott Kerin 0-0: Called Strike
0-1: Ball
1-1: Foul Ball, location: 2F
1-2: Fly out, F4 (Line Drive, 4)
Batting: RHB Lytle Creek 0-0: Ball
1-0: Foul Ball, location: 2F
1-1: Ground out 6-3 (Groundball, 6)
Top of the 2nd over - 0 runs, 0 hits, 0 errors, 0 left on base; Houston 0 - Las Vegas 0
BOTTOM OF THE 2ND
Las Vegas Flamingos batting - Pitching for Houston 1837 BBC : LHP Roy Alsobrook
Batting: LHB Ruud van Ineveld 0-0: Ball
1-0: Called Strike
1-1: Ball
2-1: Swinging Strike
2-2: Ball
3-2: Foul Ball, location: 2F
3-2: Ground out 4-3 (Groundball, 4)
Batting: RHB Jeff Young 0-0: Called Strike
0-1: Ball
1-1: Fly out, F1 (Line Drive, 15)
Batting: RHB Sergio Ortíz 0-0: DOUBLE (Groundball, 5L)
Batting: RHB Xavier Hernández 0-0: Called Strike
0-1: Ball
1-1: Called Strike
1-2: Ball
2-2: Strikes out swinging
Bottom of the 2nd over - 0 runs, 1 hit, 0 errors, 1 left on base; Houston 0 - Las Vegas 0
TOP OF THE 3RD
Houston 1837 BBC batting - Pitching for Las Vegas Flamingos : RHP Doug Green
Batting: RHB Armond Merlin 0-0: Swinging Strike
0-1: SINGLE (Groundball, 56D)
Batting: RHB Rubén Marino 0-0: Ball
1-0: Reached on error, E4 (Groundball, 4MD)
Armond Merlin to second
Batting: RHB Scott Robertson 0-0: Ball
1-0: Called Strike
1-1: Ball
2-1: Called Strike
2-2: SINGLE (Groundball, 34D)
Armond Merlin to third
Rubén Marino to second
Runner from 3rd tries for Home, SAFE, no throw
Batting: LHB Damian Delaney 0-0: Foul Ball, location: 2F
0-1: Swinging Strike
0-2: Ball
1-2: Strikes out swinging
Batting: SHB Galtero Suárez 0-0: Called Strike
0-1: Foul Ball, location: 2F
0-2: Strikes out swinging
Batting: RHB John Downing 0-0: Foul Ball, location: 2F
0-1: Ball
Wild Pitch!
Rubén Marino to third
Scott Robertson to second
1-1: Ball
2-1: Foul Ball, location: 2F
2-2: Foul Ball, location: 2F
2-2: Foul Ball, location: 2F
2-2: Ball
3-2: Base on Balls
Batting: RHB Bob Dickerson 0-0: Called Strike
0-1: Swinging Strike
0-2: Ball
1-2: Strikes out swinging
Top of the 3rd over - 1 run, 2 hits, 1 error, 3 left on base; Houston 1 - Las Vegas 0
BOTTOM OF THE 3RD
Las Vegas Flamingos batting - Pitching for Houston 1837 BBC : LHP Roy Alsobrook
Batting: LHB José Alonso 0-0: SINGLE (Flyball, 78S)
Batting: SHB Glyn Bolasky Pickoff Throw to First - Out!
0-0: Ball
1-0: Foul Ball, location: 2F
1-1: Fly out, F4 (Popup, 4MD)
Batting: RHB Sake van Arem 0-0: Ball
1-0: SINGLE (Line Drive, 34)
Batting: LHB Victor Adams 0-0: Ball
1-0: Foul Ball, location: 2F
1-1: Fly out, F4 (Popup, 4)
Bottom of the 3rd over - 0 runs, 2 hits, 0 errors, 1 left on base; Houston 1 - Las Vegas 0
TOP OF THE 4TH
Houston 1837 BBC batting - Pitching for Las Vegas Flamingos : RHP Doug Green
Batting: LHB Scott Kerin 0-0: Ball
1-0: SINGLE (Groundball, 6MD)
Batting: RHB Lytle Creek 0-0: Ball
1-0: SINGLE (Line Drive, 56)
Scott Kerin to second
Batting: RHB Armond Merlin 0-0: Swinging Strike
0-1: Called Strike
0-2: Ball
1-2: Ball
2-2: Fly out, F8 (Line Drive, 8RM)
Batting: RHB Rubén Marino 0-0: Ball
1-0: Fly out, F9 (Flyball, 9D)
Batting: RHB Scott Robertson 0-0: DOUBLE (Line Drive, 7D)
Scott Kerin scores
Lytle Creek to third
Batting: LHB Damian Delaney 0-0: SINGLE (Groundball, 56D)
Lytle Creek scores
Scott Robertson to third
Runner from 3rd tries for Home, SAFE, no throw
Batting: SHB Galtero Suárez 0-0: Called Strike
Damian Delaney steals 2nd base
0-1: Ball
1-1: Ball
2-1: Foul Ball, location: 2F
2-2: SINGLE (Line Drive, 7S)
Damian Delaney to third
Runner from 3rd tries for Home, SAFE, no throw
Batting: RHB John Downing 0-0: Swinging Strike
0-1: Ball
1-1: Fly out, F8 (Flyball, 8RXD)
Top of the 4th over - 4 runs, 5 hits, 0 errors, 1 left on base; Houston 5 - Las Vegas 0
BOTTOM OF THE 4TH
Las Vegas Flamingos batting - Pitching for Houston 1837 BBC : LHP Roy Alsobrook
Batting: SHB Wilbert Carter 0-0: Ball
1-0: Foul Ball, location: 2F
1-1: Called Strike
1-2: Ball
2-2: Strikes out swinging
Batting: LHB Ruud van Ineveld 0-0: Ball
1-0: Ball
2-0: Fly out, F8 (Line Drive, 8RD)
Batting: RHB Jeff Young 0-0: Ball
1-0: Ball
2-0: Called Strike
2-1: Foul Ball, location: 2F
2-2: Ball
3-2: Fly out, F8 (Flyball, 8LD)
Bottom of the 4th over - 0 runs, 0 hits, 0 errors, 0 left on base; Houston 5 - Las Vegas 0
TOP OF THE 5TH
Houston 1837 BBC batting - Pitching for Las Vegas Flamingos : RHP Doug Green
Batting: RHB Bob Dickerson 0-0: Ground out 4-3 (Groundball, 4M)
Batting: LHB Scott Kerin 0-0: SINGLE (Flyball, 89S)
Batting: RHB Lytle Creek 0-0: Called Strike
0-1: Swinging Strike
0-2: Ball
1-2: Ball
2-2: Ground out 5-3 (Groundball, 56S)
Scott Kerin to second
Batting: RHB Armond Merlin 0-0: Ball
1-0: Foul Ball, location: 2F
1-1: Ground out 6-3 (Groundball, 6S)
Top of the 5th over - 0 runs, 1 hit, 0 errors, 1 left on base; Houston 5 - Las Vegas 0
BOTTOM OF THE 5TH
Las Vegas Flamingos batting - Pitching for Houston 1837 BBC : LHP Roy Alsobrook
Batting: RHB Sergio Ortíz 0-0: Foul Ball, location: 2F
0-1: Called Strike
0-2: Ball
1-2: Ball
2-2: SINGLE (Groundball, 4D)
Batting: RHB Xavier Hernández 0-0: Foul Ball, location: 2F
0-1: Swinging Strike
0-2: Fly out, F6 (Line Drive, 6)
Batting: LHB José Alonso 0-0: DOUBLE (Flyball, 89D)
Sergio Ortíz to third
Batting: SHB Glyn Bolasky 0-0: Called Strike
0-1: Ball
1-1: Ball
2-1: Ball
3-1: Base on Balls
Batting: RHB Sake van Arem 0-0: Foul Ball, location: 2F
0-1: Ball
1-1: Ball
2-1: Called Strike
2-2: Ball
3-2: Base on Balls
Sergio Ortíz scores
José Alonso to third
Glyn Bolasky to second
Batting: LHB Victor Adams 0-0: SINGLE (Line Drive, 4M)
José Alonso scores
Glyn Bolasky to third
Sake van Arem to second
Batting: SHB Wilbert Carter 0-0: Foul Ball, location: 2F
0-1: Foul Ball, location: 2F
0-2: Ball
1-2: Ball
2-2: Ball
3-2: SINGLE (Groundball, 6D)
Glyn Bolasky scores
Sake van Arem to third
Victor Adams to second
Batting: LHB Ruud van Ineveld 0-0: Swinging Strike
0-1: Foul Ball, location: 2F
0-2: Ball
1-2: Fielders Choice at 2nd, 6-4 (Groundball, 6M)
Sake van Arem scores
Victor Adams to third
Batting: RHB Jeff Young 0-0: Ball
1-0: Swinging Strike
1-1: Fielders Choice at 2nd, 6-4 (Groundball, 6)
Bottom of the 5th over - 4 runs, 4 hits, 0 errors, 2 left on base; Houston 5 - Las Vegas 4
TOP OF THE 6TH
Houston 1837 BBC batting - Pitching for Las Vegas Flamingos : RHP Doug Green
Batting: RHB Rubén Marino 0-0: Swinging Strike
0-1: Ball
1-1: Foul Ball, location: 2F
1-2: Foul Ball, location: 2F
1-2: Ball
2-2: Ground out 6-3 (Groundball, 6)
Batting: RHB Scott Robertson 0-0: Fly out, F7 (Flyball, 78D)
Batting: LHB Damian Delaney 0-0: Ball
1-0: Foul Ball, location: 2F
1-1: Foul Ball, location: 2F
1-2: Foul Ball, location: 2F
1-2: Fly out, F6 (Line Drive, 6M)
Top of the 6th over - 0 runs, 0 hits, 0 errors, 0 left on base; Houston 5 - Las Vegas 4
BOTTOM OF THE 6TH
Las Vegas Flamingos batting - Pitching for Houston 1837 BBC : LHP Roy Alsobrook
Batting: RHB Sergio Ortíz 0-0: Ball
1-0: Foul Ball, location: 2F
1-1: Foul Ball, location: 2F
1-2: Ball
2-2: Foul Ball, location: 2F
2-2: Fly out, F8 (Flyball, 8LD)
Pitching: LHP Phil Miles
Batting: RHB Xavier Hernández 0-0: Ball
1-0: Ball
2-0: Ball
3-0: Base on Balls
Pinch Runner at 1st Daniel Maldonado:
Batting: LHB José Alonso 0-0: Ball
1-0: SINGLE (Line Drive, 34D)
Daniel Maldonado to second
Runner from 2nd tries for 3rd, SAFE, no throw
Batting: SHB Glyn Bolasky 0-0: Ball
1-0: Ball
2-0: Ball
3-0: Foul Ball, location: 2F
3-1: Base on Balls
José Alonso to second
Batting: RHB Sake van Arem 0-0: Grounds into fielders choice 6-2 (Groundball, 6)
José Alonso to third
Glyn Bolasky to second
Batting: LHB Victor Adams 0-0: Ball
1-0: Ball
2-0: Called Strike
2-1: Foul Ball, location: 2F
2-2: Fly out, F4 (Popup, 4)
Bottom of the 6th over - 0 runs, 1 hit, 0 errors, 3 left on base; Houston 5 - Las Vegas 4
TOP OF THE 7TH
Houston 1837 BBC batting - Pitching for Las Vegas Flamingos : RHP Doug Green
Now at 2B: Job Pels
Batting: SHB Galtero Suárez 0-0: SINGLE (Groundball, 6MD)
Batting: RHB John Downing 0-0: Ball
1-0: Ball
2-0: Fly out, F9 (Flyball, 9)
Batting: RHB Bob Dickerson 0-0: Ball
1-0: Ball
2-0: Swinging Strike
2-1: SINGLE (Groundball, 34D)
Galtero Suárez to second
Runner from 2nd tries for 3rd, SAFE, throw made to third
Batting: LHB Scott Kerin 0-0: Ball
1-0: Ball
2-0: Ball
3-0: Called Strike
3-1: Foul Ball, location: 2F
3-2: Foul Ball, location: 2F
3-2: Foul Ball, location: 2F
3-2: Foul Ball, location: 2F
3-2: SINGLE (Line Drive, 8LS)
Galtero Suárez scores
Bob Dickerson to second
Pitching: RHP Yin-fat Foong
Batting: RHB Lytle Creek 0-0: Ball
1-0: Ball
2-0: Ball
3-0: Called Strike
3-1: Foul Ball, location: 2F
3-2: SINGLE (Flyball, 89S)
Bob Dickerson to third
Scott Kerin to second
Batting: RHB Armond Merlin 0-0: Ball
1-0: Grounds into double play, 5-2-3 (Groundball, 25)
Top of the 7th over - 1 run, 4 hits, 0 errors, 2 left on base; Houston 6 - Las Vegas 4
BOTTOM OF THE 7TH
Las Vegas Flamingos batting - Pitching for Houston 1837 BBC : LHP Phil Miles
Batting: SHB Wilbert Carter 0-0: Foul Ball, location: 2F
0-1: Foul Ball, location: 2F
0-2: Ball
1-2: Foul Ball, location: 2F
1-2: Fly out, F8 (Flyball, 8LD)
Batting: LHB Ruud van Ineveld 0-0: Ball
1-0: Ball
2-0: Called Strike
2-1: Fly out, F9 (Flyball, 89XD)
Batting: RHB Jeff Young 0-0: Called Strike
0-1: Called Strike
0-2: Ball
1-2: Fly out, F8 (Flyball, 89D)
Bottom of the 7th over - 0 runs, 0 hits, 0 errors, 0 left on base; Houston 6 - Las Vegas 4
TOP OF THE 8TH
Houston 1837 BBC batting - Pitching for Las Vegas Flamingos : RHP Yin-fat Foong
Batting: RHB Rubén Marino 0-0: Ball
1-0: Ground out 6-3 (Groundball, 6)
Batting: RHB Scott Robertson 0-0: Fly out, F8 (Flyball, 8LD)
Batting: LHB Damian Delaney 0-0: Called Strike
0-1: Foul Ball, location: 2F
0-2: Foul Ball, location: 2F
0-2: SINGLE (Flyball, 89S)
Batting: SHB Galtero Suárez 0-0: Called Strike
0-1: Ball
1-1: Ball
Damian Delaney steals 2nd base
2-1: Foul Ball, location: 2F
2-2: Strikes out swinging
Top of the 8th over - 0 runs, 1 hit, 0 errors, 1 left on base; Houston 6 - Las Vegas 4
BOTTOM OF THE 8TH
Las Vegas Flamingos batting - Pitching for Houston 1837 BBC : LHP Phil Miles
Pitching: RHP Jack Carr
Batting: RHB Sergio Ortíz 0-0: Called Strike
0-1: Swinging Strike
0-2: Ball
1-2: Ball
2-2: Fly out, F9 (Flyball, 9S)
Batting: LHB Job Pels 0-0: SINGLE (Groundball, 34S) (infield hit)
Batting: LHB José Alonso 0-0: Ball
1-0: Ball
2-0: Ball
3-0: Called Strike
3-1: Swinging Strike
3-2: Foul Ball, location: 2F
3-2: Fly out, F9 (Flyball, 9D)
Batting: SHB Glyn Bolasky 0-0: Ball
1-0: Ball
2-0: Ball
3-0: Base on Balls
Job Pels to second
Batting: RHB Sake van Arem 0-0: Called Strike
0-1: Ball
1-1: Swinging Strike
1-2: Ball
2-2: Fielders Choice at 2nd, 6-4 (Groundball, 6)
Bottom of the 8th over - 0 runs, 1 hit, 0 errors, 2 left on base; Houston 6 - Las Vegas 4
TOP OF THE 9TH
Houston 1837 BBC batting - Pitching for Las Vegas Flamingos : RHP Yin-fat Foong
Batting: RHB John Downing 0-0: Ball
1-0: Foul Ball, location: 2F
1-1: Ball
2-1: Ball
3-1: SINGLE (Groundball, 56D)
Batting: RHB Bob Dickerson 0-0: Called Strike
0-1: Foul Ball, location: 2F
0-2: Ball
1-2: Ball
2-2: Ball
3-2: Foul Ball, location: 2F
3-2: Strikes out swinging
Batting: LHB Scott Kerin 0-0: Foul Ball, location: 2F
0-1: Fly out, F8 (Flyball, 8LD)
Batting: RHB Lytle Creek 0-0: Ball
1-0: SINGLE (Line Drive, 7)
John Downing to second
Batting: RHB Armond Merlin 0-0: Called Strike
0-1: Fielders Choice at 2nd, 6-4 (Groundball, 6)
Top of the 9th over - 0 runs, 2 hits, 0 errors, 2 left on base; Houston 6 - Las Vegas 4
BOTTOM OF THE 9TH
Las Vegas Flamingos batting - Pitching for Houston 1837 BBC : RHP Jack Carr
Pitching: RHP Francisco García
Batting: LHB Victor Adams 0-0: Ball
1-0: Called Strike
1-1: Ball
2-1: Ball
3-1: SINGLE (Line Drive, 9S)
Batting: SHB Wilbert Carter 0-0: Ball
1-0: Ball
2-0: Ball
3-0: Base on Balls
Victor Adams to second
Pinch Runner at 2nd Rodney Usry:
Batting: LHB Ruud van Ineveld 0-0: Ball
1-0: SINGLE (Line Drive, 4MD)
Rodney Usry to third
Wilbert Carter to second
Batting: RHB Jeff Young 0-0: Ball
1-0: Foul Ball, location: 2F
1-1: Grounds into fielders choice 6-2 (Groundball, 56)
Wilbert Carter to third
Ruud van Ineveld to second
Batting: RHB Sergio Ortíz 0-0: Called Strike
0-1: Foul Ball, location: 2F
0-2: Ball
1-2: Ball
2-2: Ball
3-2: Foul Ball, location: 2F
3-2: SINGLE (Groundball, 34D)
Wilbert Carter scores
Ruud van Ineveld to third
Jeff Young to second
Runner from 3rd tries for Home, SAFE, throw made at trailing runner, OUT at third!
Batting: LHB Job Pels 0-0: Ball
1-0: Ground out 4-3 (Groundball, 34D)
Bottom of the 9th over - 2 runs, 3 hits, 0 errors, 1 left on base; Houston 6 - Las Vegas 6
TOP OF THE 10TH
Houston 1837 BBC batting - Pitching for Las Vegas Flamingos : RHP Yin-fat Foong
Pitching: RHP John Brown
Batting: RHB Rubén Marino 0-0: Ball
1-0: Swinging Strike
1-1: Foul Ball, location: 2F
1-2: Strikes out looking
Batting: RHB Scott Robertson 0-0: Ball
1-0: Called Strike
1-1: SINGLE (Groundball, 34D)
Batting: LHB Damian Delaney 0-0: Ball
1-0: Called Strike
1-1: Ball
2-1: Foul Ball, location: 2F
2-2: Ball
3-2: Foul Ball, location: 2F
3-2: DOUBLE (Line Drive, 89XD)
Scott Robertson to third
Batting: SHB Galtero Suárez 0-0: Fly out, F4 (Line Drive, 4)
Batting: RHB John Downing 0-0: Called Strike
0-1: Ball
1-1: Foul Ball, location: 2F
1-2: Ground out 6-3 (Groundball, 6)
Top of the 10th over - 0 runs, 2 hits, 0 errors, 2 left on base; Houston 6 - Las Vegas 6
BOTTOM OF THE 10TH
Las Vegas Flamingos batting - Pitching for Houston 1837 BBC : RHP Francisco García
Pitching: LHP Drew Cullen
Batting: LHB José Alonso 0-0: Called Strike
0-1: Ball
1-1: Ball
2-1: Ball
3-1: Ground out 4-3 (Groundball, 4)
Batting: SHB Glyn Bolasky 0-0: Ball
1-0: Ball
2-0: Foul Ball, location: 2F
2-1: Ball
3-1: Foul Ball, location: 2F
3-2: Foul Ball, location: 2F
3-2: Fly out, F4 (Popup, 4)
Batting: RHB Sake van Arem 0-0: Ground out 6-3 (Groundball, 6)
Bottom of the 10th over - 0 runs, 0 hits, 0 errors, 0 left on base; Houston 6 - Las Vegas 6
TOP OF THE 11TH
Houston 1837 BBC batting - Pitching for Las Vegas Flamingos : RHP John Brown
Pitching: RHP Enrique García
Batting: RHB Bob Dickerson 0-0: Ball
1-0: Ground out 4-3 (Groundball, 4)
Batting: LHB Scott Kerin 0-0: Called Strike
0-1: Reached on error, E1 (Groundball, 15S)
Batting: RHB Lytle Creek 0-0: Called Strike
0-1: Foul Ball, location: 2F
0-2: Foul Ball, location: 2F
0-2: Foul Ball, location: 2F
0-2: Ball
1-2: Ground out 5-3 (Groundball, 56)
Batting: RHB Armond Merlin 0-0: Fly out, F9 (Line Drive, 89D)
Top of the 11th over - 0 runs, 0 hits, 1 error, 1 left on base; Houston 6 - Las Vegas 6
BOTTOM OF THE 11TH
Las Vegas Flamingos batting - Pitching for Houston 1837 BBC : LHP Drew Cullen
Batting: RHB Rodney Usry 0-0: Called Strike
0-1: Foul Ball, location: 2F
0-2: Foul Ball, location: 2F
0-2: Ball
1-2: Ball
2-2: Ball
3-2: Base on Balls
Batting: SHB Wilbert Carter 0-0: Ball
1-0: Swinging Strike
1-1: SINGLE (Groundball, 6D)
Rodney Usry to second
Batting: LHB Ruud van Ineveld 0-0: Fielders Choice at 2nd, 5-4 (Groundball, 5)
Rodney Usry to third
Now at 3B: Mark McClear
Batting: RHB Jeff Young 0-0: Ball
1-0: Ball
2-0: Swinging Strike
2-1: Fly out, F7 (Flyball, 7S)
Runner from 3rd tags up, SCORES, throw made
Tuesday, December 19th, 2017 - OOTP Baseball 18.8 Build 76